 Dungeon Crawl Stone Soup version 0.30.0-10-gfe55d96785 (webtiles) character file.

Game seed: 14180372855087862055

47 qeuew the Covered (level 3, 0/33 HPs)
             Began as a Minotaur Fighter on May 15, 2023.
             Blown up by Ijyb (20 damage)
             ... with a mindburst bolt
             ... on level 3 of the Dungeon.
             The game lasted 00:01:43 (1340 turns).

qeuew the Covered (Minotaur Fighter)                Turns: 1340, Time: 00:01:43

Health: 0/33       AC:  9    Str: 25 (26) XL:     3   Next: 48%
Magic:  2/2        EV: 10    Int:  4 (5)  God:
Gold:   161        SH:  4    Dex:  9 (11) Spells: 2/2 levels left

rFire   . . .        a - +0 war axe (flame)
rCold   . . .        c - +0 buckler
rNeg    + + .        b - +0 scale mail
rPois   +            e - +2 hat "Immyher" {Fly rN++ Regen+}
rElec   .            (no cloak)
rCorr   .            (no gloves)
SInv    .            (no boots)
Will    .....        (no amulet) Stlth
                     i - ring of poison resistance
HPRegen 1.05/turn    o - +6 ring of strength
MPRegen 0.08/turn

%: no passive effects
@: flying
A: horns 2, retaliatory headbutt
a: no special abilities


You were on level 3 of the Dungeon.
You visited 1 branch of the dungeon, and saw 3 of its levels.

You collected 161 gold pieces.

Inventory:

Hand Weapons
 a - a +0 war axe of flaming (weapon)
Armour
 b - a +0 scale mail (worn)
 c - a +0 buckler (worn)
 e - the +2 hat "Immyher" (worn) {Fly rN++ Regen+}
   (You acquired it on level 2 of the Dungeon)

   rN:        It greatly protects you from negative energy.
   Fly:       It grants you flight.
   Regen:     It increases your rate of health regeneration.
Jewellery
 i - a ring of poison resistance (left hand)
 o - a +6 ring of strength (right hand)
Scrolls
 f - 3 scrolls of teleportation
 g - 2 scrolls of magic mapping
 m - a scroll of enchant armour
Potions
 d - 2 potions of might
 k - 2 potions of flight
 q - a potion of haste


   Skills:
 + Level 4.0 Fighting
 + Level 2.9 Axes
 * Level 4.3 Armour
 + Level 1.0 Dodging
 + Level 4.0 Shields


You had 2 spell levels left.
You didn't know any spells.
Your spell library contained the following spells:

 Spells                   Type           Power      Damage    Failure   Level
 Apportation              Tloc           0%         N/A       83%         1
 Alistair's Intoxication  Tmut/Pois      0%         N/A       100%        5


Dungeon Overview and Level Annotations

Branches:
Dungeon (3/15)

Altars:

Annotations:
D:3 Ijyb


Innate Abilities, Weirdness & Mutations

You have a pair of horns on your head.
You reflexively headbutt those who attack you in melee.


Message History

You continue putting on the +2 hat "Immyher" {Fly rN++ Regen+}. x4
You finish putting on the +2 hat "Immyher" {Fly rN++ Regen+}.
The hat "Immyher" throbs as it attunes itself to your uninjured body.
You fly up into the air.
Okay, then.
You drop a scroll of immolation.
i - a ring of poison resistance (left hand)
You feel stronger.
o - a +6 ring of strength (right hand)
Okay, then.
It was a potion of curing.
You feel better.
It was a potion of ambrosia.
You are confused.
You feel invigorated.
(D) Dungeon
Where to? (Enter - D:2, ? - help)
What level of the Dungeon? (default 1, ? - help)
You are too confused!
You bump into the rock wall.
You bump into the rock wall.
You bump into the rock wall.
You bump into the rock wall.
You feel less invigorated.
You feel less confused.
(D) Dungeon
Where to? (Enter - D:3, ? - help)
What level of the Dungeon? (default 1, ? - help)
There is a stone staircase leading down here.
You fly downwards.
Found 9 gold pieces.
Found a stone staircase leading down.
There is a stone staircase leading up here.
You now have 161 gold pieces (gained 9).
Ijyb the Twisted Goblin comes into view.
She is wielding a +0 club and carrying a wand of mindburst (8).
Ijyb shouts!
You hear a shout!
Ijyb zaps a wand.
Your mind is blasted!
You hear a shout!
Ijyb is nearby!
Ijyb zaps a wand.
Your mind is blasted!
Ouch! That really hurt!
You die...

### #.. #.#
#.# #.## #..
#g# #@#
##.#####
#......###
##.......#
#.#.#.#.#
.#.###.....#.#
.............+
#.###.....#.#
#.>.......#.#


You could see Ijyb.

Vanquished Creatures
  An adder (D:2)
  A worm (D:2)
  2 dart slugs (D:2)
  5 ball pythons
  2 endoplasms
  A giant cockroach (D:1)
  2 goblins (D:2)
  4 hobgoblins
  A bat (D:1)
  A frilled lizard (D:2)
  8 kobolds
  5 rats
33 creatures vanquished.

Notes
Turn   | Place    | Note
-------+----------+-------------------------------------------
     0 | D:1      | qeuew the Minotaur Fighter began the quest for the Orb.
     0 | D:1      | Reached XP level 1. HP: 19/19 MP: 0/0
   228 | D:1      | Reached XP level 2. HP: 27/27 MP: 1/1
   353 | D:1      | Found a faded altar of an unknown god.
   845 | D:2      | Reached XP level 3. HP: 33/33 MP: 2/2
  1023 | D:2      | Reached skill level 1 in Dodging
  1285 | D:2      | Identified a scroll of acquirement
  1285 | D:2      | Acquired the +2 hat "Immyher" {Fly rN++ Regen+}
  1338 | D:3      | Noticed Ijyb
  1340 | D:3      | Blown up by Ijyb

Illustrated notes

Levels and vault maps discovered:
D:1:      lightli_arrival_statuegarden, layout_basic,
          shapermc_ecumenical_altar_totnotflames, chequers_garden,
          minmay_tetromino_l4
D:2:      layout_rooms
D:3:      kennysheep_six_static_rooms, layout_loops_corners, nicolae_titane,
          uniq_ijyb

Skill      XL: |  1  2  3 |
---------------+----------+-----
Armour         | 4 |  4.3
Shields        | 4 |  4.0
Fighting       | 4 |  4.0
Dodging        | 1 |  1.0
Axes           | |  2.9

Action                     || total
---------------------------++-------
  Melee: War axe           ||    61
         Headbutt          ||     5
    Use: Scroll            ||    10
         Potion            ||     5
 Armour: Scale mail        ||    17
  Dodge: Dodged            ||    24
  Block: Buckler           ||    15
